cohdb
Replays
Latest Replays
All Replays
Popular Replays
Top Player Replays
Match Explorer
How It Works
Community
CoH3 Stats
Reddit
Sign in to upload your games and track your stats! →
Sign in with Steam
Match 35557609
Unlisted
Match 35557609
Overview
Messages
Build Orders
End
Panzerpioneer Squad
Kradschützen Motorcycle Team
Panzergrenadier Squad
Panzergrenadier Squad
Construct Light Support Kompanie
2.5-tonne Medical Truck
Fire Support Elements
Pak 38 Mechanized Group
Selects Italian Infantry
Selects Defensive Operations
Selects Defensive Operations
Combat Half-tracks
Construct Mechanized Kompanie
254 Reconnaissance Tractor
StuG III D Assault Gun
Construct Panzerarmee Kommand
Flak 36 Anti-tank Gun Team
Walking Stuka Rocket Launcher
18-tonne Recovery Half-track
MG34 Team
MG34 Team
Veteran Squad Leaders
Flak 36 Anti-tank Gun Team
Selects Guastatori Squad
Selects Registered Artillery
Selects Towed Cannone da 105/28 Field Howitzer
Flakvierling Half-track
Don Gambino
Talboss
v4mp - HTB -
la
Turtleboy
GoonLord
0
0
Comments
sign in to comment!
No comments posted yet!